 Dungeon Crawl Stone Soup version 0.23-a0-650-ga4d50d4 (webtiles) character file.

596 Borgoz the Sneak (level 7, -5/44 HPs)
             Began as a Kobold Assassin on Jan 2, 2019.
             Slain by an ogre
             ... wielding a +0 giant club
              (27 damage)
             ... on level 5 of the Dungeon.
             The game lasted 00:11:53 (5359 turns).

Borgoz the Sneak (Kobold Assassin)                  Turns: 5359, Time: 00:11:54

Health: -5/44      AC: 10    Str: 10    XL:     7   Next: 67%
Magic:  7/7        EV: 15    Int: 13    God:
Gold:   306        SH:  0    Dex: 18    Spells: 6/6 levels left

rFire    + . .     SeeInvis .   b - +0 blowgun
rCold    . . .     Gourm    +   (shield restricted)
rNeg     . . .     Faith    .   y - +0 ring mail
rPois    .         Spirit   .   (no helmet)
rElec    .         Reflect  .   d - +0 cloak
rCorr    .         Harm     .   (no gloves)
MR       +....                  (no boots)
Stlth    +++.......             z - amulet "Lawir" {Gourm rF+ Dex+2}
HPRegen  0.14/turn              v - +4 ring of protection
MPRegen  0.10/turn              B - ring of protection from magic

@: no status effects
A: small, carnivore
a: no special abilities


You were on level 5 of the Dungeon.
You were completely stuffed.

You visited 2 branches of the dungeon, and saw 7 of its levels.

You collected 306 gold pieces.

Inventory:

Hand Weapons
 a - a +2 dagger
 b - a +0 blowgun (weapon)
 C - a +0 hand axe of electrocution
 D - the +3 whip of Moacyt {venom, rN+}
   (You took it off an orc on level 5 of the Dungeon)

   It poisons the flesh of those it strikes.
   It protects you from negative energy.
 E - a +2 dagger of speed
 G - a +2 whip of venom
Missiles
 e - 2 poisoned needles (quivered)
 f - 2 curare-tipped needles
Armour
 c - a +0 robe
 d - a +0 cloak (worn)
 y - a +0 ring mail (worn)
Jewellery
 v - a +4 ring of protection (left hand)
 z - the amulet "Lawir" (around neck) {Gourm rF+ Dex+2}
   (You found it on level 4 of the Dungeon)

   [amulet of the gourmand]

   It allows you to eat raw meat even when not hungry.
   It affects your dexterity (+2).
   It protects you from fire.
 B - a ring of protection from magic (right hand)
Wands
 j - a wand of acid (11)
 J - a wand of random effects (24)
Scrolls
 h - 3 scrolls of magic mapping
 l - a scroll of enchant weapon {unknown}
 m - 2 scrolls of enchant armour {unknown}
 p - a scroll of teleportation {unknown}
 q - 4 scrolls of remove curse
 r - a scroll of blinking {unknown}
 u - 4 scrolls of identify {unknown}
 w - a scroll of fear {unknown}
Potions
 i - 2 potions of might
 k - a potion of agility
 n - a potion of haste {unknown}
 o - a potion of mutation {unknown}
 s - a potion of resistance
 t - a potion of degeneration {unknown}
 x - a potion of flight {unknown}
 A - a potion of curing
 F - a potion of cancellation {unknown}
Comestibles
 g - 19 rations


   Skills:
 + Level 4.8 Fighting
 + Level 5.6 Short Blades
 - Level 2.1 Throwing
 + Level 4.6 Dodging
 + Level 7.6 Stealth


You had 6 spell levels left.
You didn't know any spells.
Your spell library contained the following spells:

 Spells                   Type           Power        Failure   Level  Hunger
 Animate Skeleton         Necr           N/A          63%         1    ##.....
 Apportation              Tloc           #.....       63%         1    ##.....
 Confusing Touch          Hex            #.....       63%         1    ##.....
 Summon Small Mammal      Summ           #...         63%         1    ##.....
 Confuse                  Hex            #.......     94%         3    ####...
 Gell's Gravitas          Tloc           #.........   94%         3    ####...
 Petrify                  Tmut/Erth      #.......     100%        4    #####..
 Metabolic Englaciation   Hex/Ice        #.........   100%        5    ######.
 Yara's Violent Unravell  Hex/Tmut       #.........   100%        5    ######.


Dungeon Overview and Level Annotations

Branches:
Dungeon (6/15)             Temple (1/1) D:4

Altars:
Cheibriados
Elyvilon
Gozag
Hepliaklqana
Kikubaaqudgha
Makhleb
Okawaru
Qazlal
Ru
Sif Muna
Trog
Vehumet
Xom
Yredelemnul
The Shining One

Annotations:
D:5 3 runed doors, MisterFreud's ghost, amateur MiAK


Innate Abilities, Weirdness & Mutations

You are small and have problems with some larger weapons.
You are carnivorous and can eat meat at any time.


Message History

You climb upwards.
Level annotation: 3 runed doors, MisterFreud's ghost, amateur MiAK
There is a stone staircase leading down here.
The ogre looks more healthy.
Firing (i - inventory. (/) - cycle)
e - 4 poisoned needles (quivered)
Press: ? - help, Shift-Dir - straight line, f - ogre
Aim: an ogre, wielding a +0 giant club (moderately wounded)
You shoot a poisoned needle. The poisoned needle hits the ogre.
The ogre is poisoned.
The ogre is moderately wounded.
The ogre looks more healthy.
Firing (i - inventory. (/) - cycle)
e - 3 poisoned needles (quivered)
Press: ? - help, Shift-Dir - straight line, f/p - ogre
Aim: an ogre, wielding a +0 giant club (moderately wounded)
You shoot a poisoned needle. The poisoned needle hits the ogre.
The ogre is poisoned.
The ogre is moderately wounded.
The ogre hits you with a +0 giant club!!
Ouch! That really hurt!
You die...

#.W#.# #..'......##'#.##'######.
.#Z#.# ####......'..#..'..#...#.
#G.#.# #......#..#..#))#...#.
...#.# #.....###'#..####.).#.
...#.# #.....#.)÷#.....##)##.
+###.# #.....#...####........
.....#########...###.#)[##'#..#'#
.............#....#..#..'.÷####..
.............#..@.#..####..#.(#..
.............#..O.#.....#.)'..###
.............#....####..#######..
.#.###########...................
.#.# #........#########..# .#.#
#....###.## #.... .#.#
#....###..#### #....
...##########....#.......# #....
.##.............(#.......# #####


You could see an ogre.

Vanquished Creatures
  A phantom (D:4)
  A jelly (D:5)
  A scorpion (D:4)
  A hound (D:3)
  An orc priest (D:5)
  An iguana (D:6)
  2 orc wizards (D:5)
  3 worker ants (D:4)
  A gnoll (D:5)
  5 adders
  A shadow imp (D:5)
  An ooze (D:3)
  2 adder skeletons
  2 dart slugs (D:1)
  5 leopard geckos
  13 orcs
  7 bats
  2 giant cockroaches
  12 hobgoblins
  15 jackals
  10 kobolds
  5 frilled lizards
  18 goblins
  A jackal zombie (D:5)
  8 rats
119 creatures vanquished.

Notes
Turn   | Place    | Note
-------+----------+-------------------------------------------
     0 | D:1      | Borgoz the Kobold Assassin began the quest for the Orb.
     0 | D:1      | Reached XP level 1. HP: 12/12 MP: 1/1
    60 | D:1      | Reached XP level 2. HP: 18/18 MP: 2/2
   271 | D:1      | Reached XP level 3. HP: 22/22 MP: 3/3
  1037 | D:2      | Reached XP level 4. HP: 27/27 MP: 4/4
  1066 | D:2      | Found a faded altar of an unknown god.
  1114 | D:2      | Found a bloodstained altar of Trog.
  1419 | D:3      | Reached skill level 6 in Stealth
  1428 | D:3      | HP: 1/28 [kobold (2)]
  1739 | D:3      | Reached XP level 5. HP: 26/32 MP: 5/5
  2346 | D:4      | Found a deep blue altar of Sif Muna.
  2407 | D:4      | HP: 1/32 [worker ant (6)]
  2670 | D:4      | Reached XP level 6. HP: 38/38 MP: 6/6
  2776 | D:4      | Found a staircase to the Ecumenical Temple.
  2786 | D:4      | Got a brightly glowing lead amulet
  2787 | D:4      | Identified the amulet "Lawir" {Gourm rF+ Dex+2} (You found
                  | it on level 4 of the Dungeon)
  2795 | Temple   | Entered the Ecumenical Temple
  2910 | D:4      | Noticed a phantom
  3059 | D:4      | Killed a phantom
  3273 | D:4      | Reached skill level 5 in Short Blades
  3273 | D:4      | Reached skill level 7 in Stealth
  3405 | D:5      | Entered Level 5 of the Dungeon
  3463 | D:5      | Found a runed gate.
  3463 | D:5      | Found a runed gate.
  3463 | D:5      | Found a runed gate.
  3469 | D:5      | Noticed an eye of draining
  3470 | D:5      | Noticed MisterFreud's ghost (amateur MiAK)
  3525 | D:5      | Reached XP level 7. HP: 42/43 MP: 7/7
  3650 | D:5      | Identified the +3 whip of Moacyt {venom, rN+}
  4275 | D:5      | HP: 2/44 [something (3)]
  5359 | D:5      | Slain by an ogre

Vault maps used:
D:1:      dpeg_arrival_connections
D:2:      bloody_trog, chequers_ecumenical_altar_simple,
          minmay_misc_feat_pillars
D:4:      lemuel_blue_sif_altar, temple_green, first_ration, nrook_uturn
D:5:      corexii_shantytown, gammafunk_ghost_split
D:6:      lemuel_crystal_altar
Temple:   cyrus_circular_temple

Skill      XL: |  1  2  3  4  5  6 |
---------------+-------------------+-----
Short Blades   | 3 4 5 |  5.6
Dodging        | 2 3 4 |  4.6
Fighting       | 3 4 |  4.8
Stealth        | 6 7 |  7.6
Throwing       | |  2.1

Action                   |  1- 3 |  4- 6 |  7- 9 || total
-------------------------+-------+-------+-------++-------
Melee: Dagger            |   127 |   199 |   199 ||   525
 Fire: Blowgun           |       |     5 |    14 ||    19
  Use: Potion            |       |     3 |     2 ||     5
       Scroll            |       |     2 |       ||     2
 Stab: Sleeping          |     9 |     7 |     9 ||    25
  Eat: Chunk             |     9 |     7 |     7 ||    23
Armor: Robe              |    17 |     2 |       ||    19
       Ring mail         |       |    35 |    52 ||    87
Dodge: Dodged            |    86 |   126 |   103 ||   315

Table legend:
 A = Non-vault XP
 B = Vault XP
 C = Vault XP percentage of total XP
 D = Non-vault monster count
 E = Vault monster count
 F = Vault count percentage of total count
                 A         B        C        D         E       F
            +---------+---------+-------+---------+---------+-------
      Total |     781 |      71 |   8.3 |      91 |      28 |  23.5
            +---------+---------+-------+---------+---------+-------
        D:1 |      35 |       0 |   0.0 |      19 |       0 |   0.0
        D:2 |      36 |       0 |   0.0 |      21 |       0 |   0.0
        D:3 |     100 |       0 |   0.0 |      19 |       0 |   0.0
        D:4 |     335 |       0 |   0.0 |      10 |       0 |   0.0
        D:5 |     239 |      71 |  22.9 |      21 |      28 |  57.1
        D:6 |      36 |       0 |   0.0 |       1 |       0 |   0.0
            +---------+---------+-------+---------+---------+-------
